 Dungeon Crawl Stone Soup version 0.32-a0-543-gefe97123c3 (webtiles) character file.

Game seed: 1821110751961041359

142 Descartes the Digger (level 5, 0/52 HPs)
             Began as a Formicid Earth Elementalist on Feb 29, 2024.
             Incinerated by a bombardier beetle (2 damage)
             ... with a burning spray
             ... on level 3 of the Dungeon.
             The game lasted 00:05:11 (2619 turns).

Descartes the Digger (Formicid Earth Elementalist)  Turns: 2619, Time: 00:05:12

Health: 0/52       AC: 22    Str: 15    XL:     5   Next: 50%
Magic:  3/8        EV:  2    Int: 14    God:
Gold:   109        SH:  0    Dex: 14    Spells: 7/8 levels left

rFire   + . .        h - +0 club
rCold   . . .        (no shield)
rNeg    . . .        l - melded +0 scale mail
rPois   +            (helmet unavailable)
rElec   .            (cloak currently unavailable)
rCorr   .            (gloves currently unavailable)
SInv    .            q - melded +0 pair of boots
Will    +....        (no amulet)
Stlth   +            o - ring of willpower
HPRegen 0.28/turn    a - ring of protection from fire
MPRegen 0.11/turn

%: no passive effects
@: on fire, tree-form, glowing
A: stationary, stasis, torment immunity, boosted hp, permanent stasis, dig
shafts and tunnels, (antennae 3), four strong arms
a: no special abilities


You were on level 3 of the Dungeon.
You were a tree.
You visited 1 branch of the dungeon, and saw 3 of its levels.

You collected 109 gold pieces.

Inventory:

Hand Weapons
 h - a +0 club (weapon)
Armour
 l - a +0 scale mail (melded)
 q - a +0 pair of boots (melded)
 r - the +0 leather armour "Luah" {Will+ Str-4 Int-5 Dex+3}
   (You found it on level 2 of the Dungeon)

   Str-4:     It affects your strength (-4).
   Int-5:     It affects your intelligence (-5).
   Dex+3:     It affects your dexterity (+3).
   Will+:     It increases your willpower.
Jewellery
 a - a ring of protection from fire (right branch)
 o - a ring of willpower (left branch)
Scrolls
 c - 2 scrolls of teleportation {unknown}
 d - 2 scrolls of fog {unknown}
 g - 3 scrolls of revelation {unknown}
 j - 2 scrolls of identify {unknown}
 m - 2 scrolls of immolation {unknown}
 n - 2 scrolls of torment {unknown}
 p - a scroll of noise {unknown}
Potions
 b - a potion of magic
 f - a potion of ambrosia
 k - 2 potions of might {unknown}


   Skills:
 + Level 3.5 Armour
 - Level 1.7 Dodging
 - Level 2.4 Stealth
 - Level 2.1 Spellcasting
 - Level 0.8 Conjurations
 + Level 5.5 Earth Magic


You had 7 spell levels left.
You knew the following spells:

 Your Spells              Type           Power      Damage    Failure   Level
a - Sandblast             Erth           34%        2d9       2%          1

Your spell library contained the following spells:

 Spells                   Type           Power      Damage    Failure   Level
 Passwall                 Erth           17%        N/A       8%          3
 Stone Arrow              Conj/Erth      20%        3d8       19%         3
 Momentum Strike          Conj/Tloc      4%         3d8       30%         2
 Lesser Beckoning         Tloc           2%         N/A       34%         2
 Brom's Barrelling Bould  Conj/Erth      10%        2d3       54%         4
 Petrify                  Alch/Erth      9%         N/A       58%         4
 Blink                    Tloc           Unusable   N/A       N/A         2

Dungeon Overview and Level Annotations

Branches:
Dungeon (3/15)

Altars:


Innate Abilities, Weirdness & Mutations

You are a tree.
Your roots penetrate the ground, keeping you stationary.
You cannot be teleported.
You are immune to unholy pain and torment.
Your maximum health is greatly increased.
Your equipment is partially melded.
You cannot be hasted, slowed, berserked, paralysed or teleported.
You can dig through walls and to a lower floor.
((You have a pair of large antennae on your head. (SInv)))
Your four strong arms can wield two-handed weapons with a shield.


Message History

You are on fire!
Unknown command.
The liquid fire burns you! The liquid fire burns you!
The liquid fire burns you! The liquid fire burns you!
The liquid fire burns you!
* * * LOW HITPOINT WARNING * * *
The liquid fire burns you!
* * * LOW HITPOINT WARNING * * *
The liquid fire burns you!
* * * LOW HITPOINT WARNING * * *
The liquid fire burns you!
* * * LOW HITPOINT WARNING * * *
The liquid fire burns you!
* * * LOW HITPOINT WARNING * * *
The liquid fire burns you!
* * * LOW HITPOINT WARNING * * *
The liquid fire burns you!
* * * LOW HITPOINT WARNING * * *
The liquid fire burns you!
* * * LOW HITPOINT WARNING * * *
It was a potion of lignification.
You turn into a tree.
Your +0 pair of boots melds into your body.
Your +0 scale mail melds into your body.
Your roots penetrate the ground.
The liquid fire burns you!
* * * LOW HITPOINT WARNING * * *
It was a potion of curing.
You feel better. The liquid fire burns you!
* * * LOW HITPOINT WARNING * * *
You are on fire!
The liquid fire burns you!
* * * LOW HITPOINT WARNING * * *
The liquid fire burns you!
* * * LOW HITPOINT WARNING * * *
The liquid fire burns you!
* * * LOW HITPOINT WARNING * * *
The liquid fire burns you!
You die...

.........#
.........#
.w.......#
#.# #.#
#.# #.###
#.#)##
#..#♣#
#.####
..... #.#
...... #.#
...... #.#
...... #.#
..{.. #.#
.{# #.#
{.# ##.#


There were no monsters in sight!

Vanquished Creatures
  A bombardier beetle (D:3)
  5 adders
  A ribbon worm (D:2)
  2 dart slugs (D:2)
  3 orcs (D:3)
  3 ball pythons
  4 bats
  3 endoplasms (D:1)
  6 giant cockroaches
  3 hobgoblins
  5 jackals
  A quokka (D:2)
  2 frilled lizards (D:1)
  6 goblins
  5 kobolds
  3 rats
53 creatures vanquished.

Notes
Turn   | Place    | Note
-------+----------+-------------------------------------------
     0 | D:1      | Descartes the Formicid Earth Elementalist began the quest
                  | for the Orb.
     0 | D:1      | Reached XP level 1. HP: 13/13 MP: 3/3
   187 | D:1      | Found a faded altar of an unknown god.
   199 | D:1      | Reached skill level 1 in Armour
   199 | D:1      | Reached XP level 2. HP: 11/19 MP: 0/5
   313 | D:1      | Reached skill level 4 in Earth Magic
   888 | D:1      | Reached XP level 3. HP: 24/24 MP: 4/6
  1886 | D:2      | Reached XP level 4. HP: 30/30 MP: 3/7
  2134 | D:2      | Identified the +0 leather armour "Luah" {Will+ Str-4 Int-5
                  | Dex+3}
  2402 | D:3      | Reached skill level 5 in Earth Magic
  2528 | D:3      | Reached XP level 5. HP: 33/33 MP: 5/8
  2613 | D:3      | HP: 1/35 [burnt (2)]
  2618 | D:3      | HP: 2/52 [burnt (2)]
  2619 | D:3      | Incinerated by a bombardier beetle

Illustrated notes

Levels and vault maps discovered:
D:1:      psy_arrival_terrarium, layout_basic, hellmonk_ecumenical_altar_run_dry
D:2:      cheibrodos_old_hovel, layout_basic, nicolae_eternal_life,
          chequers_avenue
D:3:      layout_basic, minmay_liquid_box

Skill      XL: |  1  2  3  4 |
---------------+-------------+-----
Armour         | 1 2 3 |  3.5
Earth Magic    | 4 5 |  5.5
Dodging        | |  1.7
Stealth        | |  2.4
Spellcasting   | |  2.1
Conjurations   | |  0.8

Action                     |  1- 3 |  4- 6 || total
---------------------------+-------+-------++-------
  Melee: Club              |    17 |    23 ||    40
   Cast: Sandblast         |    55 |    33 ||    88
Ability: Dig               |       |     1 ||     1
    Use: Potion            |       |     3 ||     3
 Armour: Robe              |    13 |       ||    13
         Scale mail        |    25 |    36 ||    61
  Dodge: Dodged            |    32 |    31 ||    63

Table legend: (Time is in decaauts)
 A = Elapsed time spent in this place.
 B = Non-inter-level travel time spent in this place.
 C = Inter-level travel time spent in this place.
 D = Time resting spent in this place.
 E = Time spent auto-exploring this place.
 F = Levels seen in this place.
 G = Mean time per level.
                   A        B        C        D        E       F      G
               +--------+--------+--------+--------+--------+-----+--------+
         Total |   2673 |   2589 |     84 |      0 |   2134 |   3 |  891.0 |
       Dungeon |   2673 |   2589 |     84 |      0 |   2134 |   3 |  891.0 |
               +--------+--------+--------+--------+--------+-----+--------+

Top non-repeatable levels by time:
     D:1: 1554 daAuts
     D:2: 838 daAuts
     D:3: 280 daAuts
